 Dungeon Crawl Stone Soup version 0.30-a0-292-g0f741e3f8e (webtiles) character file.

Game seed: 770025531327220403

58 droidtality the Trooper (level 3, 0/29 HPs)
             Began as a Demonspawn Fighter on Oct 17, 2022.
             Slain by Crazy Yiuf
             ... wielding a +4 quarterstaff of chaos
              (4 damage)
             ... on level 2 of the Dungeon.
             The game lasted 00:01:56 (1586 turns).

droidtality the Trooper (Demonspawn Fighter)        Turns: 1586, Time: 00:01:56

Health: 0/29       AC: 12    Str: 18    XL:     3   Next: 75%
Magic:  2/3        EV:  5    Int:  9    God:
Gold:   161        SH:  4    Dex: 12    Spells: 2/2 levels left

rFire   . . .      SeeInvis .    a - +0 war axe
rCold   . . .      Faith    .    c - +0 buckler
rNeg    . . .      Spirit   .    p - +0 plate armour
rPois   .          Reflect  .    (no helmet)
rElec   .          Harm     .    (no cloak)
rCorr   .          Rampage  .    (no gloves)
Will    .....                    f - +0 pair of boots
Stlth   ..........               (no amulet)
HPRegen 0.24/turn                (no ring)
MPRegen 0.08/turn                (no ring)

@: mighty, lethally poisoned (0 -> -1)
A: hooves 1
a: no special abilities


You were on level 2 of the Dungeon.
You visited 1 branch of the dungeon, and saw 3 of its levels.

You collected 161 gold pieces.

Inventory:

Hand Weapons
 a - a +0 war axe (weapon)
Armour
 b - a +0 scale mail
 c - a +0 buckler (worn)
 f - a +0 pair of boots (worn)
 p - a +0 plate armour (worn)
Scrolls
 e - a scroll of silence {unknown}
 g - a scroll of butterflies {unknown}
 i - 2 scrolls of identify {unknown}
 j - 2 scrolls of noise {unknown}
 k - a scroll of brand weapon {unknown}
 n - 2 scrolls of enchant armour {unknown}
 o - 2 scrolls of teleportation {unknown}
 q - a scroll of amnesia {unknown}
 r - a scroll of summoning {unknown}
Potions
 h - a potion of heal wounds {unknown}
 l - a potion of haste {unknown}
 m - a potion of flight {unknown}
 s - a potion of berserk rage {unknown}


   Skills:
 + Level 3.2 Fighting
 * Level 3.0 Axes
 + Level 3.1 Armour
 - Level 2.9 Shields


You had 2 spell levels left.
You didn't know any spells.
Your spell library contained the following spells:

 Spells                   Type           Power      Damage    Failure   Level
 Beastly Appendage        Tmut           0%         N/A       100%        1
 Wereblood                Tmut           0%         N/A       100%        2
 Spider Form              Tmut/Pois      0%         N/A       100%        3


Dungeon Overview and Level Annotations

Branches:
Dungeon (3/15)

Altars:

Annotations:
D:2 Crazy Yiuf


Innate Abilities, Weirdness & Mutations

You have large cloven feet.


Message History

Crazy Yiuf shouts!
There is a stone staircase leading up here.
s - a white potion
There is a stone staircase leading down here.
There is a stone staircase leading up here.
You see here a +0 flail.
Crazy Yiuf shouts!
Could not explore, unopened runed door.
You open the door. You hit Crazy Yiuf.
Crazy Yiuf is lightly wounded.
You block Crazy Yiuf's attack.
You barely miss Crazy Yiuf.
Crazy Yiuf is lightly wounded.
You block Crazy Yiuf's attack.
Crazy Yiuf hits you with a +4 quarterstaff of chaos.
You feel your power leaking away.
You hit Crazy Yiuf.
Crazy Yiuf is moderately wounded.
Crazy Yiuf hits you with a +4 quarterstaff of chaos.
You are poisoned.
You barely miss Crazy Yiuf.
Crazy Yiuf is moderately wounded.
You feel sick.
Crazy Yiuf hits you with a +4 quarterstaff of chaos!
Crazy Yiuf burns you. Crazy Yiuf hits you but does no damage.
You barely miss Crazy Yiuf.
Crazy Yiuf is moderately wounded.
You feel sick.
Crazy Yiuf says, "Cake canine noodlescoop!"
Crazy Yiuf hits you with a +4 quarterstaff of chaos!
* * * LOW HITPOINT WARNING * * *
Unknown command.
You feel very mighty all of a sudden.
You feel sick. Crazy Yiuf barely misses you.
You barely miss Crazy Yiuf.
Crazy Yiuf is moderately wounded.
You feel sick.
Crazy Yiuf hits you with a +4 quarterstaff of chaos.
You die...

###......## #.##......)..
#.........#####.##.........
#.#........................
#.################.########
#.# #.......## ##.#######
#####.#..# #...#..#.### ###
#.........
#.......#..##...#
######....
#......####@g...# #####
##..#.## ###..)# ###### ###


You could see Crazy Yiuf.

Vanquished Creatures
  2 adders (D:2)
  4 bats
  3 endoplasms
  4 giant cockroaches
  5 hobgoblins
  2 kobolds
  4 ball pythons
  3 frilled lizards
  4 goblins (D:1)
  5 rats
36 creatures vanquished.

Notes
Turn   | Place    | Note
-------+----------+-------------------------------------------
     0 | D:1      | droidtality the Demonspawn Fighter began the quest for the
                  | Orb.
     0 | D:1      | Reached XP level 1. HP: 18/18 MP: 1/1
   258 | D:1      | Gained mutation: You have large cloven feet. [demonic
                  | ancestry]
   258 | D:1      | Reached XP level 2. HP: 24/24 MP: 2/2
   876 | D:2      | You fall into a shaft and drop 1 floor!
  1030 | D:2      | Reached XP level 3. HP: 28/29 MP: 3/3
  1394 | D:2      | Found a runed translucent door.
  1395 | D:2      | Noticed Crazy Yiuf
  1586 | D:2      | Slain by Crazy Yiuf

Illustrated notes

Levels and vault maps discovered:
D:1:      onia_arrival_pyramid, layout_basic
D:2:      layout_rooms, minmay_misc_feat_square, uniq_crazy_yiuf_cottage
D:3:      layout_rooms, nicolae_overflow_ecumenical_swirl,
          nicolae_ru_sacrificial_ziggurat, ebering_ghost_sewer_d, nrook_campfire

Skill      XL: |  1  2  3 |
---------------+----------+-----
Axes           | 2 3 |  3.0
Armour         | 3 |  3.1
Fighting       | |  3.2
Shields        | |  2.9

Action                   || total
-------------------------++-------
Melee: War axe           ||   124
  Use: Potion            ||     1
Armor: Scale mail        ||    52
       Plate armour      ||    18
Dodge: Dodged            ||    62
Block: Buckler           ||    30

Table legend: (Time is in decaauts)
 A = Elapsed time spent in this place.
 B = Non-inter-level travel time spent in this place.
 C = Inter-level travel time spent in this place.
 D = Time resting spent in this place.
 E = Time spent auto-exploring this place.
 F = Levels seen in this place.
 G = Mean time per level.
                   A        B        C        D        E       F      G
               +--------+--------+--------+--------+--------+-----+--------+
         Total |   1637 |   1618 |     19 |      0 |   1290 |   3 |  545.7 |
       Dungeon |   1637 |   1618 |     19 |      0 |   1290 |   3 |  545.7 |
               +--------+--------+--------+--------+--------+-----+--------+

Top non-repeatable levels by time:
     D:1: 806 daAuts
     D:2: 743 daAuts
     D:3: 87 daAuts
